 Dungeon Crawl Stone Soup version 0.26.1-2-gb8aa6d0cf2 (webtiles) character file.

Game seed: 10319734950953591050

2494 FishyPogo the Conjurer (level 9, -1/62 HPs)
             Began as a Green Draconian Conjurer on Feb 26, 2021.
             Was a Believer of Sif Muna.
             Killed from afar by Maggie (25 damage)
             ... with a bolt of fire
             ... on level 6 of the Dungeon.
             The game lasted 00:34:33 (7320 turns).

FishyPogo the Conjurer (Green Draconian Conjurer)   Turns: 7320, Time: 00:34:33

Health: -1/62      AC:  8    Str: 11    XL:     9   Next: 28%
Magic:  13/20      EV: 14    Int: 21    God:    Sif Muna [**....]
Gold:   259        SH:  0    Dex:  9    Spells: 11/23 levels left

rFire    . . .     SeeInvis .   a - +2 quarterstaff (chaos)
rCold    . . .     Faith    .   (shield currently unavailable)
rNeg     . . .     Spirit   .   (armour unavailable)
rPois    +         Reflect  .   (helmet restricted)
rElec    .         Harm     .   m - +0 cloak {rCorr}
rCorr    +         Rampage  .   (no gloves)
Will     .....                  (no boots)
Stlth    ++........             u - amulet of magic regeneration
HPRegen  0.20/turn              (no ring)
MPRegen  0.42/turn              (no ring)

@: short of breath
A: breathe noxious fumes, unfitting armour, poison resistance, cold-blooded, AC
+7
a: Breathe Noxious Fumes, Renounce Religion, Channel Magic


You were on level 6 of the Dungeon.
You worshipped Sif Muna.
Sif Muna was pleased with you.
You visited 1 branch of the dungeon, and saw 6 of its levels.
You also visited: Sewer and Ossuary.

You collected 259 gold pieces.

Inventory:

Hand Weapons
 a - a +2 quarterstaff of chaos (weapon)
 q - a +2 mace
Missiles
 i - 42 poisoned darts
 n - 234 stones
 C - 6 boomerangs
Armour
 c - a +0 buckler
 m - a +0 cloak of preservation (worn)
Jewellery
 s - an uncursed amulet of guardian spirit
 u - an amulet of magic regeneration (around neck)
 D - a cursed amulet of inaccuracy {unknown}
Wands
 p - a wand of random effects (17)
 y - a wand of polymorph (7)
 B - a wand of flame (53)
Scrolls
 b - 2 scrolls of immolation {unknown}
 d - 7 scrolls of blinking
 g - a scroll of magic mapping
 j - 3 scrolls of remove curse
 o - 3 scrolls of fog
 x - 2 scrolls of amnesia
 A - a scroll of identify
Potions
 e - 2 potions of might
 f - 2 potions of attraction
 h - 3 potions of heal wounds
 k - 4 potions of curing
 l - 5 potions of haste {unknown}
 r - a potion of lignification
 t - a potion of cancellation {unknown}
 v - 2 potions of flight {unknown}
 w - 6 potions of brilliance {unknown}
 z - 2 potions of degeneration {unknown}


   Skills:
 + Level 5.4 Dodging
 - Level 2.0 Stealth
 + Level 3.2 Shields
 * Level 7.6 Spellcasting
 + Level 7.7 Conjurations
 * Level 1.7 Hexes


You had 11 spell levels left.
You knew the following spells:

 Your Spells              Type           Power        Failure   Level
a - Magic Dart            Conj           100%         1%          1
b - Searing Ray           Conj           80%          1%          2
c - Shock                 Conj/Air       96%          1%          1
d - Cause Fear            Hex            7%           36%         4
y - Fulminant Prism       Conj/Hex       14%          12%         4

Your spell library contained the following spells:

 Spells                   Type           Power        Failure   Level
 Dazzling Flash           Conj/Hex       56%          3%          3
 Corona                   Hex            16%          4%          1
 Slow                     Hex            15%          6%          2
 Inner Flame              Hex/Fire       11%          17%         3
 Portal Projectile        Hex/Tloc       22%          17%         3
 Iskenderun's Mystic Bla  Conj/Tloc      24%          17%         4
 Leda's Liquefaction      Hex/Erth       5%           50%         4


Dungeon Overview and Level Annotations

Branches:
Dungeon (6/15)             Temple (0/1) D:4           Sewer (visited)
Ossuary (visited)

Altars:
Fedhas
Kikubaaqudgha
Nemelex Xobeh
Sif Muna
Trog
Uskayaw

Annotations:
D:3 2 transporters
D:6 Maggie


Innate Abilities, Weirdness & Mutations

You can breathe blasts of noxious fumes.
Your lurid green scales are hard. (AC +7)
You cannot fit into any form of body armour.
Your system is resistant to poisons. (rPois)
You are cold-blooded and may be slowed by cold attacks.


Message History

The phantom hits you but does no damage.
Maggie misses you.
The searing ray misses Maggie.
You finish channeling your searing ray.
The phantom hits you.
Casting: Searing Ray (safe; 1% risk of failure)
Confirm with . or Enter, or press ? or * to list all spells.
Aiming: Searing Ray (safe; 1% risk of failure)
Press: ? - help, Shift-Dir - straight line, f/p - Maggie
Aim: Maggie, wielding a +0 war axe, wearing +0 steam dragon scales and carrying a wand of enslavement (8) (heavily wounded, 18% to evade)
The searing ray hits Maggie!
Maggie is severely wounded. (Press . to maintain the ray.) Maggie hits you but does no damage.
The phantom blinks!
The searing ray hits Maggie!
Maggie is severely wounded.
Maggie misses you. The phantom barely misses you.
The searing ray misses Maggie.
Maggie casts a spell at you. The bolt of fire hits you!!
You die...

*,,,,,,,,,,,,..........,,*,,,...#
**,,,,,,....................,#..#
*,,,,,,,...............##..#*#.##
,,,,,,,,..............#*...* #..*
,,,,,,,,.............####.####.#*
,,,,,,,,,............##....##..##
,,,,>,,,,,,...........##..###...#
*,,,,,,..,,,##)$.@.##.#.........#
*,,,,,,...*##...@..##............
*,,,,,,....#)...[W.##..###.......
,,,,>,,............)..###........
,,,,,,,,...##.(..÷))[## ##.......
,,***,,*##,,#.....##.#######.....
,,,,,,,,,,,*##....#≈##≈≈.≈≈##....
,,,,,,,,,,,,#.....#≈#÷#####.#....
,,,,,,,,,,........#.#.##≈##≈#....
,*,*,,,,,,........#≈#≈#≈#≈#.#....


You could see Maggie and a phantom.

Vanquished Creatures
  A cane toad (shapeshifter) (D:6)
  Prince Ribbit (D:5)
  A wraith (Ossuary)
  Eustachio (D:4)
  Menkaure (D:4)
  Edmund (D:4)
  An ice beast (D:5)
  Purgy (Sewer)
  A sky beast (D:6)
  2 ogres
  Blork the orc (D:5)
  A bullfrog (D:6)
  A scorpion (D:2)
  2 howler monkeys
  A bullfrog zombie (D:6)
  3 hounds
  2 orc priests
  Crazy Yiuf (D:2)
  2 bullfrog skeletons (D:5)
  An iguana (D:6)
  Jessica (D:3)
  Natasha (thrice) (D:3)
  An orc wizard (D:5)
  3 worker ants
  A killer bee zombie (D:5)
  2 hound zombies
  A mummy (Ossuary)
  4 gnolls
  6 adders
  A shadow imp (D:6)
  A white imp (D:5)
  An ooze (D:4)
  3 worms
  An adder zombie (D:3)
  2 dart slugs
  4 leopard geckos
  17 orcs
  A ball python (D:5)
  2 giant cockroaches
  10 hobgoblins
  5 jackals
  4 quokkas
  9 bats
  6 frilled lizards
  2 giant cockroach zombies
  10 gnoll skeletons (Ossuary)
  6 goblins
  A jackal zombie (D:5)
  11 kobolds
  4 kobold skeletons (Ossuary)
  A leopard gecko skeleton (D:5)
  11 orc skeletons (Ossuary)
  11 rats
172 creatures vanquished.

Vanquished Creatures (others)
  9 fulminant prisms
  A plant (D:4)
  A withered plant (D:4)
11 creatures vanquished.

Grand Total: 183 creatures vanquished

Notes
Turn   | Place    | Note
-------+----------+-------------------------------------------
     0 | D:1      | FishyPogo the Draconian Conjurer began the quest for the
                  | Orb.
     0 | D:1      | Reached XP level 1. HP: 14/14 MP: 3/3
   320 | D:1      | Reached XP level 2. HP: 15/20 MP: 0/5
   833 | D:1      | Learned a level 2 spell: Searing Ray
  1173 | D:1      | Reached XP level 3. HP: 26/26 MP: 3/6
  2079 | D:2      | Noticed a scorpion
  2085 | D:2      | Killed a scorpion
  2086 | D:2      | Reached skill level 5 in Conjurations
  2086 | D:2      | Reached XP level 4. HP: 33/33 MP: 0/8
  2407 | D:2      | Found a runed translucent door.
  2408 | D:2      | Noticed Crazy Yiuf
  2414 | D:2      | Killed Crazy Yiuf
  2415 | D:2      | Reached XP level 5. HP: 3/38 MP: 4/9
  2688 | D:2      | Learned a level 4 spell: Fulminant Prism
  3024 | D:3      | Found a transporter.
  3031 | D:3      | Noticed an orc warrior
  3035 | D:3      | Found a sparkling altar of Nemelex Xobeh.
  3048 | D:3      | Found a transporter.
  3077 | D:3      | Noticed Natasha
  3081 | D:3      | Killed Natasha
  3135 | D:3      | Noticed Natasha
  3140 | D:3      | Killed Natasha
  3252 | D:3      | Noticed Natasha
  3259 | D:3      | Killed Natasha
  3411 | D:3      | Found a bloodstained altar of Trog.
  3422 | D:3      | Noticed Jessica
  3426 | D:3      | Killed Jessica
  3427 | D:3      | Reached XP level 6. HP: 45/45 MP: 4/11
  3518 | D:3      | Found a shimmering blue altar of Sif Muna.
  3527 | D:3      | Identified Sif Muna's Incunabulum of Air
  3530 | D:3      | Became a worshipper of Sif Muna the Loreminder
  3542 | D:3      | Found a faded altar of an unknown god.
  3710 | D:3      | Learned a level 1 spell: Shock
  3843 | D:4      | Found a staircase to the Ecumenical Temple.
  4241 | D:4      | Noticed Edmund
  4249 | D:4      | Noticed Eustachio
  4254 | D:4      | Killed Edmund
  4255 | D:4      | Your scales start taking on a lurid green colour.
  4255 | D:4      | Reached XP level 7. HP: 24/50 MP: 0/14
  4255 | D:4      | Gained mutation: Your system is resistant to poisons.
                  | (rPois) [Green Draconian growth]
  4491 | D:4      | Killed Eustachio
  4492 | D:4      | Reached skill level 5 in Spellcasting
  4553 | D:4      | Noticed Menkaure
  4574 | D:4      | Killed Menkaure
  4783 | D:4      | Found a blossoming altar of Fedhas.
  4785 | D:4      | Found an ancient bone altar of Kikubaaqudgha.
  4988 | D:4      | Found a hide-covered altar of Uskayaw.
  5249 | D:5      | Entered Level 5 of the Dungeon
  5347 | D:5      | Reached XP level 8. HP: 45/57 MP: 13/16
  5474 | D:5      | Found a sand-covered staircase.
  5482 | Ossuary  | Entered an ossuary
  5489 | Ossuary  | Reached * piety under Sif Muna
  5572 | Ossuary  | Reached skill level 1 in Shields
  5938 | D:5      | Reached ** piety under Sif Muna
  6320 | D:5      | Noticed Prince Ribbit
  6324 | D:5      | Killed Prince Ribbit
  6446 | D:5      | Noticed Blork the orc
  6455 | D:5      | Killed Blork the orc
  6456 | D:5      | Reached skill level 5 in Dodging
  6659 | D:6      | Noticed Maggie
  6761 | D:6      | Found a glowing drain.
  6765 | Sewer    | Entered a sewer
  6849 | Sewer    | Noticed Purgy
  6856 | Sewer    | Killed Purgy
  6857 | Sewer    | Reached XP level 9. HP: 62/62 MP: 10/20
  6874 | Sewer    | Learned a level 4 spell: Cause Fear
  6983 | D:6      | Noticed a cane toad
  6983 | D:6      | a shapeshifter changed into a cane toad
  6996 | D:6      | HP: 3/62 [leopard gecko (4)]
  6999 | D:6      | Killed a cane toad
  7000 | D:6      | Reached skill level 1 in Hexes
  7320 | D:6      | Killed from afar by Maggie

Illustrated notes

Levels and vault maps discovered:
D:1:      dpeg_arrival_central, layout_loops_corners
D:2:      layout_loops_ring, uniq_crazy_yiuf_cottage
D:3:      layout_basic, gammafunk_temple_overflow_arena,
          nzn_overflow_gifts_of_might_and_magic,
          chequers_ecumenical_altar_simple, uniq_natasha
D:4:      layout_cave_pools, grunt_temple_overflow_growth_and_decay,
          lemuel_coloured_pillars_altar, minmay_temple_entry_slanted,
          uniq_eustachio, uniq_edmund, uniq_menkaure
D:5:      layout_loops_ring, nicolae_ossuary_entry_plus, uniq_blork_the_orc,
          uniq_prince_ribbit1
D:6:      layout_cave_pools, gup_sewer_entry_spiral, okawaru_metal_pillars_3,
          uniq_maggie

Skill      XL: |  1  2  3  4  5  6  7  8  9 |
---------------+----------------------------+-----
Stealth        | 2 |  2.0
Dodging        | 2 3 4 5 |  5.4
Spellcasting   | 3 4 5 7 |  7.6
Conjurations   | 5 6 7 |  7.7
Shields        | 2 3 |  3.2
Hexes          | 1 |  1.7

Action                   |  1- 3 |  4- 6 |  7- 9 || total
-------------------------+-------+-------+-------++-------
Melee: Short sword       |     6 |     2 |       ||     8
       Quarterstaff      |       |    14 |    86 ||   100
       Tailslap          |       |       |     5 ||     5
 Cast: Magic Dart        |    73 |    73 |   141 ||   287
       Searing Ray       |     2 |     8 |    18 ||    28
       Fulminant Prism   |       |     2 |     7 ||     9
 Abil: Breathe Noxious F |       |       |     9 ||     9
  Use: Scroll            |       |     4 |     7 ||    11
       Potion            |       |     1 |     2 ||     3
 Stab: Petrified         |       |       |     3 ||     3
       Sleeping          |       |       |     2 ||     2
       Confused          |       |       |     3 ||     3
Armor: Skin              |     1 |     6 |    61 ||    68
Dodge: Dodged            |     5 |     6 |   136 ||   147
